 Dungeon Crawl Stone Soup version 0.27-a0-1595-g0b823d0a13 (webtiles) character file.

Game seed: 14673788459044173246

680 DocSulfur the Ruffian (level 7, -4/62 HPs)
             Began as a Troll Hunter on July 20, 2021.
             Slain by a water moccasin (8 damage)
             ... on level 6 of the Dungeon.
             The game lasted 00:07:22 (2252 turns).

DocSulfur the Ruffian (Troll Hunter)                Turns: 2252, Time: 00:07:24

Health: -4/62      AC:  4    Str: 23    XL:     7   Next: 34%
Magic:  6/6        EV:  9    Int:  7    God:
Gold:   105        SH:  5    Dex: 10    Spells: 6/6 levels left

rFire    . . .     SeeInvis .     - Unarmed
rCold    . . .     Faith    .   (no shield)
rNeg     . . .     Spirit   .   b - +0 robe
rPois    .         Reflect  +   (helmet restricted)
rElec    .         Harm     .   (no cloak)
rCorr    .         Rampage  .   (gloves unavailable)
Will     +....                  (boots unavailable)
Stlth    ++........             f - amulet of reflection
HPRegen  1.20/turn              q - ring of willpower
MPRegen  0.10/turn              (no ring)

@: lethally poisoned (-4 -> -11)
A: large, unfitting armour, claws 3, regeneration 1, shaggy fur 1, tough skin 1
a: no special abilities


You were on level 6 of the Dungeon.
You visited 1 branch of the dungeon, and saw 7 of its levels.

You collected 105 gold pieces.

Inventory:

Missiles
 c - 5 large rocks (quivered)
 d - 2 throwing nets
 n - 4 boomerangs
Armour
 b - a +0 robe (worn)
Jewellery
 f - an amulet of reflection (around neck)
 q - a ring of willpower (left claw)
Wands
 k - a wand of flame (20)
Scrolls
 e - a scroll of blinking {unknown}
 i - a scroll of teleportation {unknown}
 j - a scroll of amnesia {unknown}
 l - 2 scrolls of vulnerability {unknown}
 m - a scroll of identify {unknown}
 o - a scroll of magic mapping {unknown}
Potions
 a - a potion of curing {unknown}
 g - a potion of berserk rage {unknown}
 h - a potion of heal wounds {unknown}
 p - a potion of invisibility {unknown}


   Skills:
 - Level 1.5 Fighting
 + Level 5.1 Throwing
 - Level 1.5 Dodging
 + Level 2.4 Stealth
 * Level 5.5 Unarmed Combat


You had 6 spell levels left.
You didn't know any spells.
Your spell library contained the following spells:

 Spells                   Type           Power      Damage    Failure   Level
 Frozen Ramparts          Ice            0%         1d2       80%         3
 Ice Form                 Ice/Tmut       0%         N/A       99%         4
 Summon Ice Beast         Ice/Summ       0%         N/A       99%         4


Dungeon Overview and Level Annotations

Branches:
Dungeon (7/15)
 Temple: D:4-7

Altars:
Dithmenos
Gozag
Uskayaw
Xom

Shops:
D:6 *

Annotations:
D:7 Joseph


Innate Abilities, Weirdness & Mutations

You are too large for most types of armour.
You have claws for hands.
Your natural rate of healing is unusually fast.
You are covered in fur. (AC +1)
You have tough skin. (AC +1)


Message History

The water moccasin is moderately wounded.
The water moccasin bites you.
You are more poisoned.
The water moccasin poisons you!
You closely miss the water moccasin.
The water moccasin is moderately wounded.
You feel very sick. The water moccasin barely misses you.
You scratch the water moccasin.
The water moccasin is moderately wounded.
You feel sick. The water moccasin bites you.
You are more poisoned.
The water moccasin poisons you!
You barely miss the water moccasin.
The water moccasin is moderately wounded.
You feel very sick. The water moccasin barely misses you.
You block the water moccasin's attack.
You scratch the water moccasin.
The water moccasin is heavily wounded.
You feel very sick. The water moccasin bites you.
* * * LOW HITPOINT WARNING * * *
You scratch the water moccasin.
The water moccasin is heavily wounded.
You feel very sick.
The water moccasin bites you but does no damage.
You barely miss the water moccasin.
The water moccasin is heavily wounded.
You feel sick. The water moccasin bites you.
* * * LOW HITPOINT WARNING * * *
You are more poisoned.
The water moccasin poisons you!
You miss the water moccasin.
The water moccasin is heavily wounded.
* * * LOW HITPOINT WARNING * * *
You feel very sick. The water moccasin bites you.
* * * LOW HITPOINT WARNING * * *
The water moccasin bites you!
You die...

..#.#$#.##
#......o#...## #<#
#.....# #......o.....
# ##.#.#.#.... ## #.#
...... ... ..##.##
#.# #.##.#
#.#...##########.#
#............@Soo#
####.#...#.###.######
...#.#..##.# #.#
.∩.#....##.# #.#
...#.......# #(#
####.#..#### #.# #
#..######.#
######.........#
.....##.########


You could see a water moccasin and 2 orcs.

Vanquished Creatures
  A water moccasin (D:4)
  An ogre (D:3)
  A phantom (D:5)
  A kobold brigand (D:6)
  A wyvern zombie (D:5)
  An orc priest (D:3)
  2 iguanas (D:5)
  2 scorpion zombies (D:5)
  3 adders (D:3)
  7 gnolls
  An adder zombie (D:5)
  A worm (D:3)
  2 dart slugs (D:3)
  3 orcs (D:3)
  5 ball pythons
  6 endoplasms
  A giant cockroach (D:1)
  3 goblins (D:1)
  7 hobgoblins
  4 jackals (D:1)
  4 quokkas
  2 bats (D:1)
  2 frilled lizards (D:1)
  8 kobolds
  3 rats
  A spectral kobold (D:1)
73 creatures vanquished.

Notes
Turn   | Place    | Note
-------+----------+-------------------------------------------
     0 | D:1      | DocSulfur the Troll Hunter began the quest for the Orb.
     0 | D:1      | Reached XP level 1. HP: 19/19 MP: 0/0
    84 | D:1      | Reached skill level 1 in Unarmed Combat
    96 | D:1      | Reached XP level 2. HP: 21/27 MP: 1/1
   217 | D:1      | Found a faded altar of an unknown god.
   512 | D:1      | Reached XP level 3. HP: 32/33 MP: 2/2
   900 | D:3      | Found a shadowy altar of Dithmenos.
   951 | D:3      | Reached skill level 1 in Stealth
   967 | D:4      | Noticed a water moccasin
  1092 | D:3      | Found a shimmering altar of Xom.
  1100 | D:3      | Reached XP level 4. HP: 41/41 MP: 3/3
  1121 | D:3      | Found an opulent altar of Gozag.
  1188 | D:3      | Noticed an ogre
  1254 | D:3      | Killed an ogre
  1255 | D:3      | Reached XP level 5. HP: 41/48 MP: 4/4
  1532 | D:4      | Killed a water moccasin
  1533 | D:4      | Reached XP level 6. HP: 36/55 MP: 5/5
  1562 | D:5      | Entered Level 5 of the Dungeon
  1625 | D:6      | Noticed an orc warrior
  1802 | D:5      | Reached skill level 5 in Throwing
  1802 | D:5      | Reached skill level 5 in Unarmed Combat
  1802 | D:5      | Reached XP level 7. HP: 62/62 MP: 6/6
  1816 | D:5      | Found a hide-covered altar of Uskayaw.
  2034 | D:7      | Noticed Joseph
  2214 | D:6      | Found Hycoel's Assorted Antiques.
  2252 | D:6      | Slain by a water moccasin

Illustrated notes

Levels and vault maps discovered:
D:1:      amcnicky_arrival_underground_garden, layout_loops_ring,
          dreamdust_ecumenical_altar_drowned_temple
D:2:      layout_basic, chequers_serial_rivers_micro_b,
          chequers_serial_rivers_room_b, hex_medium
D:3:      layout_loops_ring, mainiacjoe_overflow_paths,
          lemuel_coloured_pillars_altar, mainiacjoe_overflow_cross_hatched,
          mainiacjoe_overflow_catwalk_spiral, minmay_misc_feat_doors
D:4:      layout_basic
D:5:      layout_basic, nicolae_uskayaw_suspiria, grunt_ministairs_14,
          minmay_misc_feat_columns
D:6:      layout_loops_corners, mainiacjoe_overflow_small_starburst,
          makhleb_heckhound_becter, serial_shops, nicolae_take_the_stairs,
          st_stairs_8, uniq_eustachio, uniq_edmund
D:7:      layout_cave_pods, minmay_temple_entry_crystal_x,
          minmay_a_box_with_orc_wizards_in_it, uniq_joseph, uniq_pikel,
          uniq_duvessa

Skill      XL: |  1  2  3  4  5  6 |
---------------+-------------------+-----
Unarmed Combat | 1 2 3 4 5 |  5.5
Stealth        | 1 2 |  2.4
Throwing       | 4 5 |  5.1
Fighting       | |  1.5
Dodging        | |  1.5

Action                   |  1- 3 |  4- 6 |  7- 9 || total
-------------------------+-------+-------+-------++-------
Melee: Unarmed           |   106 |   104 |    41 ||   251
       Punch             |       |     1 |       ||     1
Throw: Large rock        |       |     6 |       ||     6
 Stab: Sleeping          |       |     1 |       ||     1
Armor: Robe              |    27 |    18 |     4 ||    49
Dodge: Dodged            |    54 |    30 |    23 ||   107
Block: Other             |     5 |    21 |     9 ||    35
       Reflection        |       |     1 |     2 ||     3

Table legend: (Time is in decaauts)
 A = Elapsed time spent in this place.
 B = Non-inter-level travel time spent in this place.
 C = Inter-level travel time spent in this place.
 D = Time resting spent in this place.
 E = Time spent auto-exploring this place.
 F = Levels seen in this place.
 G = Mean time per level.
                   A        B        C        D        E       F      G
               +--------+--------+--------+--------+--------+-----+--------+
         Total |   2248 |   2184 |     64 |      0 |    831 |   7 |  321.1 |
       Dungeon |   2248 |   2184 |     64 |      0 |    831 |   7 |  321.1 |
               +--------+--------+--------+--------+--------+-----+--------+

Top non-repeatable levels by time:
     D:1: 801 daAuts
     D:3: 471 daAuts
     D:5: 431 daAuts
     D:6: 239 daAuts
     D:4: 197 daAuts
     D:2: 96 daAuts
     D:7: 11 daAuts
